Map: Pillars of Gold LE

Players

LiquidClem (Clem) - Winner!

  • Race: Terran Terran
  • Spawn Location: 1:00

Stats

  • Race: Protoss Protoss
  • Spawn Location: 7:00

Event: StayAtHomestory Cup #2

VOD

Have the link to the VOD?

Description

Time

  • Played on: June 13, 2020, 12:16 p.m.
  • Length: 14:35

All games in this series

Show
View Real Time Build Order
Export as new Build Order

LiquidClem Terran - Winner!

Build Orders: Gas First Reaper Expand 

Get SALT Encoding   

  12  0:00  SCV  
  13  0:12  SCV  
  14  0:18  Supply Depot  
  14  0:24  SCV  
  15  0:29  Refinery  
  15  0:39  SCV  
  16  0:45  Barracks  
  16  0:51  SCV  
  17  1:03  SCV  
  18  1:16  SCV  
  19  1:32  Orbital Command, Reaper  
  20  1:48  Command Center  
  20  1:57  Factory  
  21  2:01  SCV  
  21  2:07  Barracks Reactor  
  21  2:13  SCV  
  21  2:15  Supply Depot  
  22  2:20  Bunker  
  22  2:25  SCV  
  23  2:31  Refinery  
  23  2:37  SCV  
  23  2:44  Starport  
  24  2:49  SCV  
  24  2:50  Hellion  
  27  2:56  Hellion  
  28  3:02  SCV, Barracks Tech Lab  
  29  3:10  Orbital Command  
  29  3:14  SCV  
  29  3:19  Widow Mine  
  32  3:21  Widow Mine  
  32  3:26  SCV  
  35  3:31  Marine, Supply Depot  
  36  3:38  SCV  
  36  3:40  Medivac  
  36  3:41  SCV  
  40  3:50  SCV  
  40  3:53  SCV  
  40  3:55  Supply Depot  
  42  3:57  Marine x2  
  42  4:01  Siege Tank  
  42  4:02  SCV  
  47  4:07  SCV  
  48  4:12  Barracks  
  48  4:15  Barracks, SCV  
  49  4:20  Marine x2  
  49  4:22  SCV  
  52  4:24  Starport Tech Lab  
  52  4:30  SCV  
  53  4:34  SCV, Siege Tank  
  53  4:36  Refinery  
  57  4:38  Supply Depot  
  57  4:41  Marine x2  
  57  4:45  SCV  
  60  4:46  SCV  
  61  4:52  Supply Depot  
  61  4:57  SCV  
  61  4:58  SCV  
  61  5:01  Marine x2  
  61  5:04  Barracks Tech Lab  
  61  5:06  Siege Tank  
  66  5:09  SCV  
  66  5:10  Stimpack  
  66  5:12  Marauder  
  69  5:14  SCV  
  69  5:19  Marine  
  69  5:20  Supply Depot  
  71  5:24  Marauder  
  71  5:26  Combat Shield  
  73  5:28  Marine  
  73  5:32  SCV  
  74  5:36  Marauder  
  74  5:39  Supply Depot  
  74  5:40  Starport Reactor  
  76  5:43  Engineering Bay  
  76  5:44  Marine  
  76  5:46  Marauder  
  79  5:50  SCV  
  79  5:52  Siege Tank  
  79  5:56  SCV  
  82  6:01  Supply Depot  
  82  6:02  SCV  
  82  6:03  Marine x2  
  85  6:07  Refinery  
  85  6:10  Marauder  
  86  6:12  Marauder  
  86  6:15  Terran Infantry Weapons Level 1  
  86  6:17  SCV  
  87  6:20  SCV  
  88  6:26  Marine x2  
  88  6:28  Supply Depot  
  88  6:32  Marauder  
  92  6:33  SCV  
  92  6:38  Siege Tank  
  94  6:40  Supply Depot  
  94  6:42  SCV  
  94  6:43  Marauder  
  94  6:45  SCV  
  94  6:46  Medivac  
  100  6:48  Marine x2  
  100  6:51  Medivac  
  100  6:54  Supply Depot  
  104  6:55  Concussive Shells  
  104  6:57  SCV x2  
  105  7:02  Marauder  
  105  7:05  Marauder  
  107  7:10  Supply Depot  
  107  7:12  Marine x2  
  109  7:18  Command Center  
  109  7:23  Siege Tank  
  109  7:26  Marauder  
  109  7:28  Supply Depot, Marauder  
  116  7:33  Marine  
  116  7:34  Marine  
  116  7:36  Medivac  
  120  7:37  Medivac, Supply Depot  
  120  7:42  SCV  
  123  7:47  Marauder  
  124  7:52  Supply Depot, Marauder  
  124  7:53  Marine x2  
  128  8:02  Barracks  
  128  8:04  Barracks  
  128  8:08  SCV  
  128  8:09  SCV, Marauder  
  132  8:13  Siege Tank  
  132  8:16  Marine x2  
  132  8:19  Terran Infantry Armor Level 1  
  137  8:23  Marauder  
  139  8:30  Marauder  
  125  8:38  Marine  
  125  8:39  SCV  
  109  8:42  Marine  
  109  8:45  SCV, Marauder  
  113  8:51  Marauder  
  113  8:53  Starport  
  113  8:54  Barracks Reactor, Barracks Tech Lab  
  115  8:59  SCV  
  115  9:01  Factory Reactor  
  116  9:03  Orbital Command  
  116  9:06  Marine x2, Marauder  
  121  9:10  SCV  
  121  9:13  Marauder  
  123  9:21  Marauder  
  123  9:23  SCV x2  
  127  9:26  Marine  
  127  9:27  Marauder  
  127  9:28  Armory, Engineering Bay  
  127  9:30  Marine  
  121  9:32  Marine  
  121  9:33  SCV  
  121  9:34  Marauder  
  121  9:35  SCV  
  121  9:36  Marine  
  121  9:37  SCV  
  124  9:43  Marauder  
  126  9:48  Viking x2  
  130  9:55  Ghost Academy  
  130  9:56  Viking  
  132  10:00  Viking  
  132  10:02  Orbital Command  
  132  10:04  Marine x4  
  138  10:07  Marauder  
  138  10:08  Marauder  
  138  10:10  Marauder  
  139  10:22  Viking x2  
  139  10:27  Marine x4  
  147  10:33  SCV  
  147  10:34  SCV x2  
  150  10:37  Viking  
  150  10:41  Viking  
  154  10:47  Ghost  
  152  10:50  Marine  
  152  10:52  Medivac  
  152  10:55  Ghost  
  156  10:58  Ghost  
  156  10:59  Marine  
  156  11:03  Marine x2  
  156  11:06  Medivac  
  156  11:09  SCV  
  154  11:11  SCV  
  154  11:12  Marine  
  154  11:16  Marine  
  156  11:21  Marine  
  156  11:23  SCV, Ghost  
  160  11:29  Marine x2, Refinery  
  160  11:30  Viking, Refinery  
  164  11:34  Supply Depot  
  164  11:36  Marauder  
  166  11:40  Ghost  
  166  11:41  Marine x2  
  170  11:49  Supply Depot  
  170  11:52  Marine x2  
  172  11:55  Supply Depot  
  172  11:56  Marauder  
  172  11:58  Marauder  
  174  12:04  SCV  
  170  12:09  Marauder  
  170  12:13  Marine x4  
  171  12:18  Marine, Marauder  
  171  12:19  SCV  
  172  12:27  Medivac x2  
  174  12:30  Marine x2  
  174  12:31  Marine  
  174  12:35  Supply Depot  
  173  12:37  SCV  
  173  12:40  Marine x2  
  160  12:52  Marine x2  
  160  12:54  SCV, Marauder  
  158  12:59  Marine  
  158  13:00  Marine  
  158  13:04  Marauder  
  162  13:09  Command Center  
  155  13:13  Marine  
  155  13:14  Marine  
  155  13:15  Marauder  
  155  13:18  Marauder  
  155  13:19  Marine x2  
  153  13:32  Marine x2  
  155  13:34  Marauder  
  155  13:35  Medivac  
  155  13:36  Marauder  
  153  13:44  Orbital Command  
  153  13:46  Marauder  
  153  13:48  Marine  
  135  13:54  Marine  
  137  13:56  Marauder  
  137  13:58  Marauder  
  137  14:00  Marine  
  137  14:01  Marine  
  124  14:07  Marauder  
  110  14:12  Marine x2  
Show
View Real Time Build Order
Export as new Build Order

Stats Protoss 

Build Orders: 1 Gate Expand, Blink Stalkers 

Get SALT Encoding   

  12  0:00  Probe  
  13  0:13  Probe  
  14  0:18  Pylon  
  14  0:24  Probe  
  15  0:32  Probe  
  15  0:37  Gateway  
  15  0:40  Probe  
  16  0:47  Assimilator  
  17  0:51  Probe  
  18  1:03  Probe  
  19  1:15  Probe  
  20  1:25  Cybernetics Core  
  20  1:34  Nexus  
  20  1:37  Probe  
  21  1:45  Pylon  
  21  1:49  Probe  
  21  1:52  Assimilator  
  22  1:54  Adept  
  22  2:03  Probe  
  25  2:11  Shield Battery  
  25  2:13  Warp Gate  
  25  2:14  Stalker  
  25  2:15  Probe  
  26  2:29  Probe  
  29  2:41  Probe  
  29  2:42  Twilight Council  
  29  2:43  Probe  
  31  2:51  Probe  
  31  2:53  Probe  
  33  3:02  Robotics Facility  
  33  3:03  Probe  
  33  3:04  Blink  
  33  3:05  Probe  
  35  3:15  Probe  
  35  3:17  Probe, Gateway  
  37  3:27  Probe  
  37  3:29  Probe  
  39  3:36  Gateway  
  39  3:39  Probe  
  40  3:41  Probe  
  40  3:48  Observer  
  41  3:50  Gateway  
  42  3:56  Pylon  
  42  4:00  Probe x2, Warp Prism  
  45  4:11  Pylon  
  45  4:13  Probe  
  45  4:14  Probe, Assimilator  
  47  4:21  Stalker  
  47  4:24  Stalker  
  51  4:31  Pylon, Stalker  
  53  4:39  Observer  
  53  4:41  Probe x2  
  53  4:44  Stalker x2  
  60  4:47  Shield Battery  
  60  4:49  Assimilator  
  60  4:57  Observer, Probe x2  
  58  5:09  Stalker x2  
  58  5:11  Stalker  
  64  5:15  Stalker  
  66  5:24  Probe x2, Pylon  
  68  5:39  Probe x2  
  68  5:42  Stalker x3  
  72  5:44  Stalker  
  78  5:58  Robotics Bay, Pylon  
  78  6:00  Pylon  
  78  6:16  Probe x2  
  80  6:24  Observer  
  81  6:28  Probe x2  
  81  6:31  Observer  
  82  6:36  Colossus  
  82  6:37  Extended Thermal Lance, Charge  
  82  6:40  Probe x2  
  82  6:41  Nexus  
  82  6:46  Pylon  
  90  6:50  Forge  
  90  7:03  Probe x2  
  92  7:10  Sentry x3  
  92  7:11  Observer, Zealot  
  92  7:12  Pylon  
  92  7:15  Probe x2, Pylon, Protoss Ground Weapons Level 1  
  102  7:16  Colossus  
  108  7:39  Zealot x4  
  108  7:41  Shield Battery  
  115  7:53  Probe x2  
  115  8:01  Stalker x2  
  115  8:04  Gateway  
  115  8:05  Probe  
  120  8:06  Gateway, Zealot  
  120  8:07  Zealot  
  122  8:22  Colossus, Pylon  
  122  8:28  Observer  
  122  8:32  Zealot x3  
  114  8:35  Probe x3  
  114  8:41  Zealot  
  107  8:47  Gateway  
  107  8:48  Templar Archives  
  107  8:49  Gateway  
  107  8:53  Probe x3  
  110  9:01  Zealot x3  
  116  9:05  Gravitic Drive  
  114  9:14  Protoss Ground Armor Level 1  
  114  9:15  Stalker x3  
  114  9:20  Warp Prism  
  114  9:21  Observer  
  116  9:31  High Templar x2, Zealot  
  116  9:37  Probe x3  
  119  9:38  Archon  
  119  9:46  Stalker x3  
  119  9:50  Pylon  
  125  9:53  Pylon x2  
  125  9:55  Assimilator  
  125  10:05  Assimilator  
  125  10:08  Probe x2  
  123  10:23  Nexus, Zealot x3  
  129  10:29  High Templar x2  
  133  10:40  Archon  
  133  10:48  Pylon  
  133  10:50  Pylon  
  133  10:54  Robotics Facility  
  127  11:01  High Templar x2  
  131  11:06  Archon  
  129  11:12  Probe x2  
  129  11:16  Observer  
  125  11:19  Disruptor  
  125  11:20  Protoss Ground Weapons Level 2  
  125  11:24  Probe x2  
  130  11:30  Nexus  
  130  11:31  Pylon  
  130  11:40  Disruptor  
  133  11:58  Disruptor  
  133  12:01  Zealot x7  
  134  12:24  High Templar  
  134  12:25  High Templar x3  
  136  12:32  Archon x2  
  123  12:58  Zealot x4  
  123  12:59  Zealot x4  
  123  13:02  Disruptor x2  
  128  13:20  High Templar x2  
  128  13:22  Assimilator  
  128  13:23  Assimilator  
  128  13:25  Archon  
  132  13:30  Nexus  
  132  13:35  Stalker x2  
  132  13:36  Stalker x2  
  122  13:50  Zealot x2  
  122  13:54  Zealot x2  
  116  14:00  Zealot x4  
  87  14:14  Pylon  
  87  14:15  Stalker  
  87  14:16  Stalker  
  87  14:18  Stalker  
Tags
 
Add a new tag
Caveats
  • Supply blocks, unpowered buildings, or Contaminate may cause inaccurate times.
  • Supply counts are checked every 10 seconds.